 Dungeon Crawl Stone Soup version 0.21.1-1-g345015fe64 (webtiles) character file.

16850 fellowfoe the Covert (level 12, -2/84 HPs)
             Began as a Spriggan Assassin on July 9, 2018.
             Was a High Priest of Okawaru.
             Slain by a black mamba (6 damage)
             ... on level 1 of the Lair of Beasts on July 14, 2018.
             The game lasted 02:06:02 (21421 turns).

fellowfoe the Covert (Spriggan Assassin)           Turns: 21421, Time: 02:06:02

Health: -2/84      AC: 26    Str:  5    XL:     12   Next: 13%
Magic:  17/17      EV:  4    Int: 13    God:    Okawaru [*****.]
Gold:   214        SH:  4    Dex: 26    Spells: 15/17 levels left

rFire    . . .     SeeInvis +   a - +3 dagger (chaos)
rCold    . . .     Gourm    .   (shield restricted)
rNeg     + + +     Faith    .   (armour currently unavailable)
rPois    +         Spirit   .   (helmet currently unavailable)
rElec    .         Reflect  +   (cloak currently unavailable)
rCorr    .         Harm     .   (gloves unavailable)
MR       ++...     NoTele   +   (boots unavailable)
Stlth    +++++++...             I - +4 amulet of reflection
HPRegen  0.24/turn              K - ring "Ewag" {Str-2 Dex+4}
MPRegen  0.15/turn              F - ring of poison resistance

@: lethally poisoned (-2 -> -25), tree-form
A: very small, unfitting armour, see invisible, herbivore, slow metabolism 2
a: Heroism, Finesse, Renounce Religion


You were on level 1 of the Lair of Beasts.
You worshipped Okawaru.
Okawaru was extremely pleased with you.
You were not hungry.
You were a tree.
You visited 3 branches of the dungeon, and saw 14 of its levels.

You collected 809 gold pieces.
You spent 595 gold pieces at shops.

Inventory:

Hand Weapons
 a - a +3 dagger of chaos (weapon)
 b - a +0 blowgun
 c - a +1 shortbow
 P - a +2 dagger of speed
Missiles
 e - 12 poisoned needles
 f - 2 curare-tipped needles
 m - 97 sling bullets
 p - 252 arrows
 U - 3 needles of confusion
Armour
 d - a +1 cloak (melded)
 r - a +0 robe of magic resistance
 s - a +2 robe of fire resistance (melded)
 X - a +2 buckler of fire resistance
Jewellery
 h - an uncursed ring of resist corrosion
 w - an uncursed ring of magical power
 z - an uncursed ring of protection from cold
 B - an uncursed ring of magical power
 C - a +3 ring of evasion
 F - a ring of poison resistance (right branch)
 I - a +4 amulet of reflection (around neck)
 K - the ring "Ewag" (left branch) {Str-2 Dex+4}
   (You found it on level 7 of the Dungeon)

   [ring of strength]

   It affects your strength (-2).
   It affects your dexterity (+4).
Wands
 M - a wand of clouds (6)
 R - a wand of paralysis (6)
 T - a wand of flame (61)
Scrolls
 i - 3 scrolls of enchant armour
 o - 3 scrolls of enchant weapon
 u - 4 scrolls of identify
 x - a scroll of silence {unknown}
 y - a scroll of magic mapping
 J - a scroll of blinking
 L - 2 scrolls of teleportation
 Q - a scroll of fear {unknown}
 Y - 2 scrolls of remove curse
Potions
 j - a potion of lignification
 k - 3 potions of curing
 l - a potion of resistance {unknown}
 n - 2 potions of haste {unknown}
 q - a potion of ambrosia {unknown}
 t - 3 potions of flight
 v - a potion of mutation {unknown}
 A - 2 potions of brilliance {unknown}
 G - a potion of heal wounds
 H - a potion of berserk rage {unknown}
 S - 2 potions of magic {unknown}
 V - a potion of agility {unknown}
Books
 D - a book of Changes

   Spells                             Type                      Level
   a - Beastly Appendage              Transmutation                1
   b - Sticks to Snakes               Transmutation                2
   c - Spider Form                    Transmutation/Poison         3
   d - Ice Form                       Ice/Transmutation            4
   e - Blade Hands                    Transmutation                5
 E - a book of Maledictions

   Spells                             Type                      Level
   a - Corona                         Hexes                        1
   b - Ensorcelled Hibernation        Hexes/Ice                    2
   c - Confuse                        Hexes                        3
   d - Tukima's Dance                 Hexes                        3
   e - Dazzling Spray                 Conjuration/Hexes            3
 N - a book of Minor Magic

   Spells                             Type                      Level
   a - Magic Dart                     Conjuration                  1
   b - Blink                          Translocation                2
   c - Call Imp                       Summoning                    2
   d - Slow                           Hexes                        2
   e - Conjure Flame                  Conjuration/Fire             3
   f - Mephitic Cloud                 Conjuration/Poison/Air       3
 W - a book of Enchantments

   Spells                             Type                      Level
   a - Cause Fear                     Hexes                        4
   b - Yara's Violent Unravelling     Hexes/Transmutation          5
   c - Silence                        Hexes/Air                    5
   d - Deflect Missiles               Charms/Air                   6
   e - Discord                        Hexes                        8
Miscellaneous
 O - a lamp of fire (inert)
Comestibles
 g - 31 rations


   Skills:
 - Level 3.0 Fighting
 + Level 10.3 Short Blades
 + Level 8.5 Bows
 - Level 5.0 Throwing
 - Level 3.1 Armour
 + Level 12.8 Dodging
 + Level 14.9 Stealth
 + Level 2.0 Shields
 - Level 3.0 Spellcasting
 - Level 3.2 Hexes
 - Level 3.0 Ice Magic


You had 15 spell levels left.
You knew the following spells:

 Your Spells              Type           Power        Failure   Level  Hunger
a - Ensorcelled Hibernat  Hex/Ice        ##....       10%         2    ###....


Dungeon Overview and Level Annotations

Branches:
Dungeon (12/15)            Temple (1/1) D:7            Lair (1/6) D:11
    Orc: D:9-12

Altars:
Ashenzari
Cheibriados
Dithmenos
Elyvilon
Fedhas
Gozag
Hepliaklqana
Kikubaaqudgha
Makhleb
Nemelex Xobeh
Okawaru
Qazlal
Sif Muna
Trog
Uskayaw
Vehumet
Wu Jian
Xom
Yredelemnul
Zin
The Shining One
Beogh

Shops:
D:8 ([?*   D:10 (*:(

Annotations:
D:5 exclusion: phantom
D:6 Edmund, Menkaure
D:10 exclusion: 3 killer bees
Lair:1 exclusions: black mamba and door


Innate Abilities, Weirdness & Mutations

You are very small and have problems with some larger weapons.
You are too small for most types of armour.
You have supernaturally acute eyesight. (SInv)
You are a herbivore.
((You cover ground extremely quickly.))
You need consume almost no food.


Message History

You feel sick. You block the black mamba's attack.
You barely miss the black mamba.
The black mamba is severely wounded.
* * * LOW HITPOINT WARNING * * *
You feel sick. The black mamba bites you!
* * * LOW HITPOINT WARNING * * *
You barely miss the black mamba.
The black mamba is severely wounded.
* * * LOW HITPOINT WARNING * * *
You feel sick.
The black mamba completely misses you. x2
You miss the black mamba.
The black mamba is heavily wounded.
* * * LOW HITPOINT WARNING * * *
You feel sick.
The black mamba bites you but does no damage.
You completely miss the black mamba.
The black mamba is heavily wounded.
* * * LOW HITPOINT WARNING * * *
You feel sick. The black mamba bites you.
You die...

......#P..#.......#
..........#......##
......######.....#
###.### #....##
#..# ####..# #...#
#..# #.### #.S# #.
##S# .. #.#
#######♣#### +
.....##(.........#
≈≈≈≈..(..........#
≈≈≈≈≈≈....(......#
≈≈≈≈≈;...(........#
≈≈≈≈≈≈≈..........##
≈≈≈≈(≈...(.......#
≈≈..≈.###.#.###.##
≈.>.≈. ###.# ##


You could see 2 black mambas.

Vanquished Creatures
  A two-headed ogre (D:8)
  An ugly thing (D:12)
  A manticore (D:11)
  Psyche (D:8)
  2 spiny frogs (Lair:1)
  2 centaur skeletons
  A komodo dragon (D:8)
  A queen bee (Lair:1)
  A troll (D:11)
  3 hippogriffs
  Sigmund (D:6)
  A spriggan (D:11)
  2 water elementals (D:11)
  2 wyverns
  16 yaks
  A human (D:7)
  4 hogs
  A steam dragon (D:11)
  2 hungry ghosts
  2 insubstantial wisps (D:11)
  2 porcupines (Lair:1)
  10 ice beasts
  8 sky beasts
  3 orc warriors
  A black bear (D:8)
  2 wolves
  5 ogres
  7 centaurs
  2 crocodiles
  Blork the orc (D:6)
  3 big kobolds
  6 bullfrogs
  3 scorpions
  43 killer bees
  2 electric eels
  4 wights (D:6)
  A crimson imp (D:11)
  2 centaur zombies
  2 bullfrog zombies
  2 jellies (D:11)
  11 hounds
  7 orc priests
  A gnoll shaman (D:3)
  Jessica (D:2)
  6 iguanas
  An iguana (shapeshifter) (Lair:1)
  6 orc wizards
  4 worker ants
  A hound zombie (D:10)
  A hound skeleton (D:7)
  3 worker ant zombies
  4 gnolls (D:3)
  9 adders
  3 shadow imps
  2 adder skeletons (D:4)
  An adder zombie (D:6)
  2 worms (D:2)
  A worm (shapeshifter) (Lair:1)
  3 leopard geckos
  37 orcs
  A ball python (D:3)
  7 giant cockroaches
  10 hobgoblins
  4 jackals (D:3)
  8 bats
  5 frilled lizards
  10 goblins
  A jackal zombie (D:5)
  17 kobolds
  2 quokka skeletons (D:4)
  7 rats
331 creatures vanquished.

Vanquished Creatures (collateral kills)
  An orc (D:8)
1 creature vanquished.

Vanquished Creatures (others)
  2 ice beasts (Lair:1)
  A quokka (D:6)
  5 fungi (Lair:1)
  3 plants (Lair:1)
11 creatures vanquished.

Grand Total: 343 creatures vanquished

Notes
Turn   | Place    | Note
-------+----------+-------------------------------------------
     0 | D:1      | fellowfoe the Spriggan Assassin began the quest for the Orb.
     0 | D:1      | Reached XP level 1. HP: 10/10 MP: 2/2
    49 | D:1      | Reached skill level 6 in Stealth
   402 | D:1      | Reached XP level 2. HP: 15/15 MP: 3/3
   977 | D:2      | Noticed Jessica
  1047 | D:2      | Killed Jessica
  1047 | D:2      | Reached XP level 3. HP: 13/18 MP: 4/4
  1325 | D:2      | Reached XP level 4. HP: 23/23 MP: 5/5
  1810 | D:3      | Reached skill level 1 in Armour
  1810 | D:3      | Reached XP level 5. HP: 24/27 MP: 6/6
  2132 | D:3      | Reached skill level 7 in Stealth
  2785 | D:3      | Found an iron altar of Okawaru.
  3078 | D:3      | Became a worshipper of Warmaster Okawaru
  3432 | D:4      | Noticed a phantom
  3699 | D:4      | Reached XP level 6. HP: 32/32 MP: 7/7
  4426 | D:4      | Learned a level 2 spell: Ensorcelled Hibernation
  4495 | D:5      | Entered Level 5 of the Dungeon
  4499 | D:5      | Reached * piety under Okawaru
  4499 | D:5      | Reached XP level 7. HP: 36/36 MP: 8/8
  4537 | D:5      | Found a deep blue altar of Sif Muna.
  4605 | D:5      | Reached skill level 8 in Stealth
  4605 | D:5      | Reached skill level 1 in Spellcasting
  4605 | D:5      | Reached skill level 1 in Hexes
  4917 | D:5      | Reached ** piety under Okawaru
  4917 | D:5      | Reached skill level 1 in Ice Magic
  5020 | D:5      | Found a glowing golden altar of the Shining One.
  5191 | D:5      | Reached skill level 5 in Dodging
  5191 | D:5      | Reached XP level 8. HP: 40/40 MP: 10/12
  5628 | D:6      | Found a glowing silver altar of Zin.
  5651 | D:6      | Noticed Edmund
  5672 | D:6      | Noticed Blork the orc
  5675 | D:6      | Killed Blork the orc
  5775 | D:6      | Found a white marble altar of Elyvilon.
  6293 | D:6      | Noticed Menkaure
  6704 | D:6      | Reached skill level 9 in Stealth
  7195 | D:6      | Reached skill level 5 in Short Blades
  7268 | D:6      | Noticed Sigmund
  7271 | D:6      | Killed Sigmund
  7404 | D:6      | Reached skill level 5 in Throwing
  7979 | D:7      | Reached XP level 9. HP: 44/44 MP: 13/13
  8113 | D:6      | Reached *** piety under Okawaru
  8340 | D:7      | Reached skill level 10 in Stealth
  8494 | D:7      | Got a pitted iron ring
  8763 | D:7      | Found a staircase to the Ecumenical Temple.
  8772 | Temple   | Entered the Ecumenical Temple
  9772 | D:7      | Reached skill level 11 in Stealth
  9989 | D:7      | Found an opulent altar of Gozag.
  9990 | D:7      | Found a sparkling altar of Nemelex Xobeh.
 10236 | D:8      | Found Ykuhor's Antique Weapon Shop.
 10240 | D:8      | Bought a glowing rapier for 203 gold pieces
 10245 | D:7      | Identified the cursed ring "Ewag" {Str-2 Dex+4} (You found it on level 7 of the Dungeon)
 10340 | D:8      | Noticed a two-headed ogre
 10359 | D:8      | Found Haler's Antique Armour Emporium.
 10394 | D:8      | Killed a two-headed ogre
 10394 | D:8      | Reached **** piety under Okawaru
 10394 | D:8      | Reached skill level 1 in Bows
 10438 | D:8      | Found Toigeyv's Magic Scroll Shop.
 10447 | D:8      | Bought a scroll of identify for 26 gold pieces
 10447 | D:8      | Bought a scroll of blinking for 97 gold pieces
 10447 | D:8      | Bought a scroll of identify for 26 gold pieces
 10447 | D:8      | Noticed Psyche
 10458 | D:8      | Found Dagiur's General Store.
 10459 | D:8      | Killed Psyche
 10459 | D:8      | Reached XP level 10. HP: 49/49 MP: 15/15
 11244 | D:8      | Found a roughly hewn altar of Beogh.
 12319 | D:8      | Reached skill level 12 in Stealth
 12360 | D:9      | Reached ***** piety under Okawaru
 12561 | D:9      | Found a white marble altar of Elyvilon.
 12584 | D:9      | Reached skill level 10 in Dodging
 12612 | D:9      | Found a hide-covered altar of Uskayaw.
 12614 | D:9      | Found a shadowy altar of Dithmenos.
 12614 | D:9      | Found an ancient bone altar of Kikubaaqudgha.
 12615 | D:9      | Found a radiant altar of Vehumet.
 12616 | D:9      | Found a burning altar of Makhleb.
 12616 | D:9      | Found a stormy altar of Qazlal.
 13173 | D:10     | Entered Level 10 of the Dungeon
 13173 | D:10     | Noticed a gargoyle
 13531 | D:10     | Received a gift from Okawaru
 13756 | D:10     | Reached skill level 5 in Bows
 13789 | D:10     | Found Desekeoq's Antique Weapon Boutique.
 14260 | D:10     | Found Laawy's General Store.
 14269 | D:10     | Bought a scroll of enchant weapon for 105 gold pieces
 14286 | D:10     | Found Xobumpom's Book Shoppe.
 14350 | D:10     | Found Xaecat Jixo's Antique Weapon Shop.
 14353 | D:10     | Bought a runed short sword for 138 gold pieces
 14677 | D:11     | Reached skill level 13 in Stealth
 14744 | D:11     | Reached XP level 11. HP: 49/52 MP: 16/16
 15626 | D:10     | Received a gift from Okawaru
 17272 | D:11     | Found a staircase to the Lair.
 17321 | D:11     | Reached skill level 14 in Stealth
 18472 | D:11     | Received a gift from Okawaru
 18991 | D:12     | Noticed a cyan ugly thing
 18995 | D:12     | Killed a cyan ugly thing
 18995 | D:12     | Reached skill level 10 in Short Blades
 19019 | Lair:1   | Entered Level 1 of the Lair of Beasts
 19099 | Lair:1   | Reached skill level 1 in Shields
 20777 | Lair:1   | Reached XP level 12. HP: 49/56 MP: 17/17
 21421 | Lair:1   | HP: 4/84 [poisoned by a black mamba]
 21421 | Lair:1   | Slain by a black mamba

Skill      XL: |  1  2  3  4  5  6  7  8  9 10 11 12 |
---------------+-------------------------------------+-----
Stealth        | 6 7 8 9 11 13 14 | 14.9
Fighting       | 2 3 |  3.0
Dodging        | 2 3 4 5 6 9 11 12 | 12.8
Short Blades   | 3 4 5 7 8 10 | 10.3
Armour         | 1 2 3 |  3.1
Throwing       | 3 4 5 |  5.0
Spellcasting   | 2 3 |  3.0
Hexes          | 2 3 |  3.2
Ice Magic      | 1 2 3 |  3.0
Bows           | 2 5 8 |  8.5
Shields        | 1 2 |  2.0

Action                   |  1- 3 |  4- 6 |  7- 9 | 10-12 || total
-------------------------+-------+-------+-------+-------++-------
Melee: Dagger            |    58 |   260 |   351 |  1475 ||  2144
       Rapier            |       |       |    20 |     8 ||    28
 Fire: Blowgun           |    13 |    43 |    61 |    88 ||   205
       Shortbow          |       |       |   163 |    72 ||   235
Evoke: Wand              |       |       |       |     1 ||     1
       Lamp of fire      |       |       |       |     1 ||     1
  Use: Scroll            |       |       |    14 |     3 ||    17
       Potion            |       |       |       |     6 ||     6
 Stab: Sleeping          |    11 |     9 |    12 |    16 ||    48
       Distracted        |       |     1 |       |     2 ||     3
       Paralysed         |       |       |       |    12 ||    12
       Petrifying        |       |       |       |    12 ||    12
       Confused          |       |       |       |     9 ||     9
  Eat: Ration            |       |     1 |     2 |     8 ||    11
Armor: Robe              |     5 |    22 |    21 |    41 ||    89
       Skin              |       |       |       |    34 ||    34
Dodge: Dodged            |    34 |   172 |   273 |   896 ||  1375
Block: Other             |       |       |     2 |   151 ||   153
       Reflection        |       |       |       |     4 ||     4
